 Dungeon Crawl Stone Soup version 0.30.0-29-ga12c61a403 (webtiles) character file.

Game seed: 12722799709710913668

43 booth the Conjurer (level 3, 0/22 HPs)
             Began as a Gargoyle Reaver on June 22, 2023.
             Was a Follower of Lugonu.
             Slain by an adder (2 damage)
             ... on level 2 of the Dungeon.
             The game lasted 00:08:10 (1234 turns).

booth the Conjurer (Gargoyle Reaver)                Turns: 1234, Time: 00:08:11

Health: 0/22       AC:  6    Str: 17    XL:     3   Next: 58%
Magic:  6/6        EV: 11    Int: 13    God:    Lugonu [*.....]
Gold:   77         SH:  0    Dex:  8    Spells: 0/6 levels left

rFire   . . .        a - +0 mace
rCold   . . .        (no shield)
rNeg    + . .        b - +0 leather armour
rPois   ∞            (no helmet)
rElec   +            (no cloak)
rCorr   .            (no gloves)
SInv    .            (no boots)
Will    .....        (no amulet)
Stlth   +            (no ring)
HPRegen 0.23/turn    (no ring)
MPRegen 0.10/turn

%: no passive effects
@: no status effects
A: sickness immunity, AC +3, negative energy resistance 1, electricity
resistance, torment resistance 1, petrification resistance
a: Renounce Religion, Depart the Abyss


You were on level 2 of the Dungeon.
You worshipped Lugonu.
Lugonu was aware of your devotion.
You visited 1 branch of the dungeon, and saw 2 of its levels.

You collected 77 gold pieces.

Inventory:

Hand Weapons
 a - a +0 mace (weapon)
Armour
 b - a +0 leather armour (worn)
Scrolls
 c - a scroll of fog {unknown}
 d - a scroll of fear
 e - a scroll of blinking
 f - a scroll of teleportation
Potions
 g - a potion of heal wounds {unknown}
 h - 2 potions of lignification {unknown}
 i - a potion of resistance {unknown}


   Skills:
 + Level 2.6 Fighting
 + Level 3.3 Maces & Flails
 + Level 2.0 Dodging
 + Level 2.4 Spellcasting
 + Level 3.6 Conjurations


You couldn't memorise any spells.
You knew the following spells:

 Your Spells              Type           Power      Damage    Failure   Level
a - Kiss of Death         Conj/Necr      24%        2d7       14%         1
b - Momentum Strike       Conj/Tloc      12%        3d8       22%         2
c - Hailstorm             Conj/Ice       6%         3d4       38%         3

Your spell library contained the following spells:

 Spells                   Type           Power      Damage    Failure   Level
 Beastly Appendage        Tmut           2%         N/A       30%         1
 Wereblood                Tmut           1%         N/A       41%         2
 Spider Form              Tmut/Pois      1%         N/A       65%         3


Dungeon Overview and Level Annotations

Branches:
Dungeon (2/15)

Altars:
Lugonu


Innate Abilities, Weirdness & Mutations

You are immune to sickness and miasma.
Your stone body is resilient. (AC +3)
You are immune to poison.
You resist negative energy. (rN+)
You are resistant to electric shocks. (rElec)
You are resistant to unholy torment.
You are immune to petrification.


Message History

The adder is moderately wounded.
The adder bites you but does no damage. The goblin barely misses you.
The endoplasm hits you but does no damage.
The adder bites you but does no damage. The adder barely misses you.
The goblin closely misses you.
The endoplasm hits you but does no damage.
The adder misses you.
You hit the adder.
The adder is moderately wounded.
The adder barely misses you. x2
The endoplasm hits you but does no damage.
The goblin hits you with a +0 club. The adder bites you.
You hit the adder.
The adder is almost dead.
The adder barely misses you. The adder closely misses you.
The endoplasm freezes you.
You are frozen.
The goblin hits you but does no damage. The adder bites you but does no damage.
You miss the adder.
The adder is almost dead.
The adder closely misses you. The adder barely misses you.
The goblin barely misses you. The endoplasm barely misses you.
The adder bites you but does no damage. x2
You miss the adder.
The adder is almost dead.
The endoplasm closely misses you. The goblin hits you with a +0 club.
* * * LOW HITPOINT WARNING * * *
The adder closely misses you. The adder bites you but does no damage.
The goblin hits you but does no damage. The endoplasm closely misses you.
The adder closely misses you.
You hit the adder.
The adder is severely wounded.
The adder barely misses you. The adder closely misses you.
The endoplasm barely misses you. The goblin hits you with a +0 club.
* * * LOW HITPOINT WARNING * * *
The adder barely misses you. The adder closely misses you.
The endoplasm barely misses you. The adder bites you but does no damage.
The adder attacks as you move away! The adder bites you.
You die...

## #. #. #. ###.
#################...
#..@Sg............##
#....JS............##
#.##.#r##.###.####.#
# #.#.##.###.####.#
#...............#
#.#.#.##.###.##.#
..#... .........#
##.#.#.#.##.#.##.#
.....##.###


You could see 2 adders, an endoplasm, a goblin and a rat.

Vanquished Creatures
  A worm (D:2)
  A dart slug (D:1)
  3 endoplasms
  3 giant cockroaches
  2 goblins
  2 hobgoblins
  4 jackals (D:2)
  10 kobolds (D:1)
  4 ball pythons (D:1)
  3 bats (D:1)
  A frilled lizard (D:2)
  A rat (D:1)
35 creatures vanquished.

Notes
Turn   | Place    | Note
-------+----------+-------------------------------------------
     0 | D:1      | booth the Gargoyle Reaver began the quest for the Orb.
     0 | D:1      | Reached XP level 1. HP: 12/12 MP: 3/3
   151 | D:1      | Reached XP level 2. HP: 18/18 MP: 5/5
   154 | D:1      | Learned a level 2 spell: Momentum Strike
   538 | D:1      | Reached XP level 3. HP: 22/22 MP: 6/6
   542 | D:1      | Learned a level 3 spell: Hailstorm
  1064 | D:2      | Found a faded altar of an unknown god.
  1084 | D:2      | Prayed at the altar of an unknown god.
  1084 | D:2      | Became a worshipper of Lugonu the Unformed
  1084 | D:2      | Reached * piety under Lugonu
  1234 | D:2      | Slain by an adder

Illustrated notes

Levels and vault maps discovered:
D:1:      dpeg_arrival_short_road, layout_basic
D:2:      layout_loops_ring, shapermc_ecumenical_altar_totnotflames,
          corner_web_ring, minmay_diced_spiral

Skill      XL: |  1  2  3 |
---------------+----------+-----
Dodging        | 2 |  2.0
Fighting       | |  2.6
Maces & Flails | |  3.3
Spellcasting   | |  2.4
Conjurations   | |  3.6

Action                     || total
---------------------------++-------
  Melee: Mace              ||   134
         Punch             ||     1
    Use: Scroll            ||     4
 Armour: Leather armour    ||    80
  Dodge: Dodged            ||   131
